PL
BOSTON PATRIOTS @ PHILADELPHIA 1776 BC
08/25/2038
 
TOP OF THE 1ST
Boston Patriots batting - Pitching for Philadelphia 1776 BC : LHP Masami Kogawa
Pitching: LHP Masami Kogawa
Batting: RHB Yu-shu Kang 0-0: Foul Ball, location: 2F
0-1: Foul Ball, location: 2F
0-2: Ball
1-2: Foul Ball, location: 2F
1-2: Ball
2-2: Ball
3-2: SINGLE (Flyball, 89S, EV 93.1 MPH)
Batting: SHB Jason Graham 0-0: Ball
1-0: Grounds into double play, 5-4-3 (Groundball, 56S, EV 82.5 MPH)
Batting: RHB Juan Dávila 0-0: Ball
1-0: TRIPLE (Line Drive, 89XD, EV 100.6 MPH)
Batting: RHB Wilbur Davis 0-0: Called Strike
0-1: Called Strike
0-2: Ball
1-2: Ball
Wild Pitch!
Juan Dávila scores
2-2: Foul Ball, location: 2F
2-2: Foul Ball, location: 2F
2-2: Ball
3-2: Strikes out swinging
Top of the 1st over - 1 run, 2 hits, 0 errors, 0 left on base; Boston 1 - Philadelphia 1776 0
BOTTOM OF THE 1ST
Philadelphia 1776 BC batting - Pitching for Boston Patriots : RHP Miguel Rodríguez
Pitching: RHP Miguel Rodríguez
Batting: LHB Roberto Salazar 0-0: Foul Ball, location: 2F
0-1: Ball
1-1: Fly out, F7 (Flyball, 78D, EV 86.2 MPH)
Batting: RHB Carlos Mendoza 0-0: Foul Ball, location: 2F
0-1: Ball
1-1: Ball
2-1: Ball
3-1: Foul Ball, location: 2F
3-2: Ground out 5-3 (Groundball, 5, EV 101.2 MPH)
Batting: RHB Eddie Sachs 0-0: Fly out, F7 (Line Drive, 7, EV 91.2 MPH)
Bottom of the 1st over - 0 runs, 0 hits, 0 errors, 0 left on base; Boston 1 - Philadelphia 1776 0
TOP OF THE 2ND
Boston Patriots batting - Pitching for Philadelphia 1776 BC : LHP Masami Kogawa
Batting: RHB Dave Broom 0-0: SINGLE (Groundball, 6MD, EV 103.1 MPH)
Batting: RHB Alfredo Araújo 0-0: Called Strike
0-1: Ball
1-1: Ball
2-1: Called Strike
2-2: Ball
3-2: SINGLE (Groundball, 3, EV 96.2 MPH) (infield hit)
Dave Broom to second
Batting: RHB Frank Ray 0-0: Ball
1-0: Ball
2-0: Foul Ball, location: 2F
2-1: Ball
3-1: Called Strike
3-2: Fly out, F9 (Flyball, 9D, EV 93.8 MPH)
Runner from 2nd tags up, SAFE at 3rd, no throw by RF
Batting: RHB Ryoichi Yoshida 0-0: Called Strike
0-1: Swinging Strike
0-2: Hit by Pitch
Alfredo Araújo to second
Batting: RHB Bart Goodine 0-0: Foul Ball, location: 2F
0-1: Grounds into double play, 4-6-3 (Groundball, 4, EV 102.5 MPH)
Top of the 2nd over - 0 runs, 2 hits, 0 errors, 2 left on base; Boston 1 - Philadelphia 1776 0
BOTTOM OF THE 2ND
Philadelphia 1776 BC batting - Pitching for Boston Patriots : RHP Miguel Rodríguez
Batting: RHB Karl Blanke 0-0: Fly out, F9 (Flyball, 89D, EV 93.8 MPH)
Batting: RHB Gerold Olthof 0-0: Called Strike
0-1: Ball
1-1: Ball
2-1: Ball
3-1: Base on Balls
Batting: LHB Hai-feng Tang 0-0: SINGLE (Flyball, 4MD, EV 93.8 MPH)
Gerold Olthof to second
Batting: RHB Arsenio Laurel 0-0: Called Strike
0-1: Ball
1-1: Ball
2-1: Ball
3-1: Called Strike
3-2: Foul Ball, location: 2F
3-2: Base on Balls
Gerold Olthof to third
Hai-feng Tang to second
Pitching: RHP Aldo Ottens
Batting: RHB Román Ramírez 0-0: Ball
1-0: SINGLE (Line Drive, 9LS, EV 93.1 MPH)
Gerold Olthof scores
Hai-feng Tang to third
Arsenio Laurel to second
Batting: RHB Jesús Guzmán 0-0: Ball
1-0: Fielders Choice at 2nd, 4-6 (Groundball, 4, EV 108.8 MPH)
Hai-feng Tang scores
Arsenio Laurel to third
Batting: LHB Roberto Salazar 0-0: Ball
1-0: Called Strike
1-1: Ball
2-1: Ground out 4-3 (Groundball, 4, EV 105.6 MPH)
Bottom of the 2nd over - 2 runs, 2 hits, 0 errors, 2 left on base; Boston 1 - Philadelphia 1776 2
TOP OF THE 3RD
Boston Patriots batting - Pitching for Philadelphia 1776 BC : LHP Masami Kogawa
Batting: RHB Yu-shu Kang 0-0: Foul Ball, location: 2F
0-1: Ball
1-1: Ball
2-1: Swinging Strike
2-2: Ground out 1-3 (Groundball, 15, EV 80.0 MPH)
Batting: SHB Jason Graham 0-0: Fly out, F9 (Flyball, 9S, EV 91.2 MPH)
Batting: RHB Juan Dávila 0-0: Ball
1-0: Ground out 5-3 (Groundball, 56, EV 89.4 MPH)
Top of the 3rd over - 0 runs, 0 hits, 0 errors, 0 left on base; Boston 1 - Philadelphia 1776 2
BOTTOM OF THE 3RD
Philadelphia 1776 BC batting - Pitching for Boston Patriots : RHP Aldo Ottens
Batting: RHB Carlos Mendoza 0-0: Ball
1-0: Foul Ball, location: 2F
1-1: Called Strike
1-2: Ball
2-2: Strikes out swinging
Batting: RHB Eddie Sachs 0-0: Fly out, F7 (Line Drive, 7, EV 83.8 MPH)
Batting: RHB Karl Blanke 0-0: Called Strike
0-1: Swinging Strike
0-2: Strikes out looking
Bottom of the 3rd over - 0 runs, 0 hits, 0 errors, 0 left on base; Boston 1 - Philadelphia 1776 2
TOP OF THE 4TH
Boston Patriots batting - Pitching for Philadelphia 1776 BC : LHP Masami Kogawa
Batting: RHB Wilbur Davis 0-0: Called Strike
0-1: Ball
1-1: Ball
2-1: Ball
3-1: Foul Ball, location: 2F
3-2: Foul Ball, location: 2F
3-2: Ground out 2-3 (Groundball, 2L, EV 73.1 MPH)
Batting: RHB Dave Broom 0-0: Ground out 4-3 (Groundball, 4, EV 105.0 MPH)
Batting: RHB Alfredo Araújo 0-0: Called Strike
0-1: SINGLE (Flyball, 78M, EV 91.2 MPH)
Batting: RHB Frank Ray 0-0: Ball
1-0: Ball
2-0: Foul Ball, location: 2F
2-1: Foul Ball, location: 2F
2-2: Ball
3-2: Base on Balls
Alfredo Araújo to second
Batting: RHB Ryoichi Yoshida 0-0: Ball
1-0: Foul Ball, location: 2F
1-1: Fielders Choice at 2nd, 6-4 (Groundball, 6, EV 110.6 MPH)
Top of the 4th over - 0 runs, 1 hit, 0 errors, 2 left on base; Boston 1 - Philadelphia 1776 2
BOTTOM OF THE 4TH
Philadelphia 1776 BC batting - Pitching for Boston Patriots : RHP Aldo Ottens
Batting: RHB Gerold Olthof 0-0: Ball
1-0: Ball
2-0: Ball
3-0: Called Strike
3-1: Foul Ball, location: 2F
3-2: Fly out, F8 (Line Drive, 8LD, EV 92.5 MPH)
Batting: LHB Hai-feng Tang 0-0: Called Strike
0-1: Called Strike
0-2: Ball
1-2: Ball
2-2: Foul Ball, location: 2F
2-2: Foul Ball, location: 2F
2-2: Foul Ball, location: 2F
2-2: Foul Ball, location: 2F
2-2: Foul Ball, location: 2F
2-2: Ground out 4-3 (Groundball, 4, EV 91.2 MPH)
Batting: RHB Arsenio Laurel 0-0: Swinging Strike
0-1: Ball
1-1: Foul Ball, location: 2F
1-2: Foul Ball, location: 2F
1-2: Fly out, F6 (Popup, 4MD, EV 48.8 MPH)
Bottom of the 4th over - 0 runs, 0 hits, 0 errors, 0 left on base; Boston 1 - Philadelphia 1776 2
TOP OF THE 5TH
Boston Patriots batting - Pitching for Philadelphia 1776 BC : LHP Masami Kogawa
Batting: RHB Bart Goodine 0-0: Ball
1-0: Ball
2-0: Ball
3-0: Called Strike
3-1: Foul Ball, location: 2F
3-2: Strikes out looking
Batting: RHB Yu-shu Kang 0-0: Foul Ball, location: 2F
0-1: Fly out, F9 (Flyball, 9S, EV 82.5 MPH)
Batting: SHB Jason Graham 0-0: Ball
1-0: Swinging Strike
1-1: SINGLE (Line Drive, 8RS, EV 90.0 MPH)
Batting: RHB Juan Dávila 0-0: Ball
1-0: Called Strike
Jason Graham steals 2nd base
1-1: Ground out 5-3 (Groundball, 56, EV 86.9 MPH)
Top of the 5th over - 0 runs, 1 hit, 0 errors, 1 left on base; Boston 1 - Philadelphia 1776 2
BOTTOM OF THE 5TH
Philadelphia 1776 BC batting - Pitching for Boston Patriots : RHP Aldo Ottens
Batting: RHB Román Ramírez 0-0: Ball
1-0: Foul Ball, location: 2F
1-1: Foul Ball, location: 2F
1-2: Strikes out swinging
Batting: RHB Jesús Guzmán 0-0: Called Strike
0-1: Ball
1-1: Foul Ball, location: 2F
1-2: Ball
2-2: Ground out 2-3 (Groundball, 13S, EV 76.9 MPH)
Batting: LHB Roberto Salazar 0-0: Ball
1-0: Ground out 1-3 (Groundball, 15, EV 68.8 MPH)
Bottom of the 5th over - 0 runs, 0 hits, 0 errors, 0 left on base; Boston 1 - Philadelphia 1776 2
TOP OF THE 6TH
Boston Patriots batting - Pitching for Philadelphia 1776 BC : LHP Masami Kogawa
Batting: RHB Wilbur Davis 0-0: Ball
1-0: Ball
2-0: Foul Ball, location: 2F
2-1: Fly out, F8 (Flyball, 78XD, EV 100.0 MPH)
Batting: RHB Dave Broom 0-0: Swinging Strike
0-1: Called Strike
0-2: Foul Ball, location: 2F
0-2: Ground out U3 (Groundball, 3, EV 95.0 MPH)
Batting: RHB Alfredo Araújo 0-0: Swinging Strike
0-1: Ball
1-1: Fly out, F9 (Line Drive, 9, EV 90.6 MPH)
Top of the 6th over - 0 runs, 0 hits, 0 errors, 0 left on base; Boston 1 - Philadelphia 1776 2
BOTTOM OF THE 6TH
Philadelphia 1776 BC batting - Pitching for Boston Patriots : RHP Aldo Ottens
Batting: RHB Carlos Mendoza 0-0: Called Strike
0-1: Foul Ball, location: 2F
0-2: Ball
1-2: Strikes out swinging
Batting: RHB Eddie Sachs 0-0: Called Strike
0-1: Called Strike
0-2: DOUBLE (Flyball, 8RXD, EV 90.0 MPH)
Pitching: RHP Kelemeneke Balun
Batting: RHB Karl Blanke 0-0: Ball
1-0: Called Strike
1-1: 2-RUN HOME RUN (Flyball, 7D, EV 105.6 MPH), Distance : 370 ft
Batting: RHB Gerold Olthof 0-0: Ball
1-0: Swinging Strike
1-1: Foul Ball, location: 2F
1-2: Foul Ball, location: 2F
1-2: Foul Ball, location: 2F
1-2: TRIPLE (Groundball, 3L, EV 100.6 MPH)
Batting: LHB Hai-feng Tang 0-0: Ball
1-0: Ball
2-0: Foul Ball, location: 2F
2-1: Ball
3-1: Base on Balls
Batting: RHB Arsenio Laurel 0-0: Ball
1-0: Ball
2-0: Foul Ball, location: 2F
2-1: Foul Ball, location: 2F
2-2: Foul Ball, location: 2F
2-2: Foul Ball, location: 2F
2-2: Foul Ball, location: 2F
2-2: Fly out, F9 (Flyball, 89S, EV 87.5 MPH)
Batting: RHB Román Ramírez 0-0: Called Strike
0-1: Foul Ball, location: 2F
0-2: Ball
1-2: SINGLE (Line Drive, 8LS, EV 99.4 MPH)
Gerold Olthof scores
Hai-feng Tang to second
Batting: RHB Jesús Guzmán 0-0: Called Strike
0-1: Swinging Strike
0-2: Ball
1-2: Fly out, F7 (Line Drive, 7, EV 102.5 MPH)
Bottom of the 6th over - 3 runs, 4 hits, 0 errors, 2 left on base; Boston 1 - Philadelphia 1776 5
TOP OF THE 7TH
Boston Patriots batting - Pitching for Philadelphia 1776 BC : LHP Masami Kogawa
Batting: RHB Frank Ray 0-0: Reaches on Catchers interference
Batting: RHB Ryoichi Yoshida 0-0: Ball
1-0: Swinging Strike
1-1: Foul Ball, location: 2F
1-2: Ball
2-2: Ball
3-2: Foul Ball, location: 2F
3-2: Fielders Choice at 2nd, 1-6 (Groundball, 13S, EV 68.8 MPH)
Batting: RHB Bart Goodine 0-0: Foul Ball, location: 2F
0-1: Foul Ball, location: 2F
0-2: Ball
1-2: Strikes out swinging
Batting: RHB Yu-shu Kang 0-0: Called Strike
0-1: Ball
1-1: Foul Ball, location: 2F
1-2: Ground out 1-3 (Groundball, 34S, EV 83.1 MPH)
Top of the 7th over - 0 runs, 0 hits, 1 error, 1 left on base; Boston 1 - Philadelphia 1776 5
BOTTOM OF THE 7TH
Philadelphia 1776 BC batting - Pitching for Boston Patriots : RHP Kelemeneke Balun
Batting: LHB Roberto Salazar 0-0: Called Strike
0-1: DOUBLE (Line Drive, 7LS, EV 97.5 MPH)
Batting: RHB Carlos Mendoza 0-0: Ground out 5-3 (Groundball, 5, EV 86.9 MPH)
Batting: RHB Eddie Sachs 0-0: Ball
1-0: Ground out 5-3 (Groundball, 5L, EV 80.0 MPH)
Batting: RHB Karl Blanke 0-0: Ball
1-0: Ground out 1-3 (Groundball, 13, EV 70.0 MPH)
Bottom of the 7th over - 0 runs, 1 hit, 0 errors, 1 left on base; Boston 1 - Philadelphia 1776 5
TOP OF THE 8TH
Boston Patriots batting - Pitching for Philadelphia 1776 BC : LHP Masami Kogawa
Batting: SHB Jason Graham 0-0: SINGLE (Groundball, 56D, EV 101.2 MPH)
Pitching: LHP Ron Fernández
Batting: RHB Juan Dávila 0-0: Ball
1-0: Ball
2-0: Foul Ball, location: 2F
2-1: Foul Ball, location: 2F
2-2: Fly out, F8 (Flyball, 89D, EV 86.9 MPH)
Batting: RHB Wilbur Davis 0-0: Foul Ball, location: 2F
0-1: Ball
1-1: Fly out, F8 (Line Drive, 8LM, EV 98.1 MPH)
Batting: RHB Dave Broom 0-0: Foul Ball, location: 2F
0-1: Foul Ball, location: 2F
0-2: Ball
Pickoff Throw to First - Out! 1-3
Top of the 8th over - 0 runs, 1 hit, 0 errors, 0 left on base; Boston 1 - Philadelphia 1776 5
BOTTOM OF THE 8TH
Philadelphia 1776 BC batting - Pitching for Boston Patriots : RHP Kelemeneke Balun
Batting: RHB Gerold Olthof 0-0: Ball
1-0: Called Strike
1-1: Ball
2-1: Ball
3-1: Called Strike
3-2: SINGLE (Groundball, 56D, EV 97.5 MPH)
Pitching: RHP Tae-ho Ch'oe
Batting: LHB Hai-feng Tang 0-0: Bunted foul
0-1: Sac Bunt to 23 - play at first, batter OUT! 3-4
Gerold Olthof to second
Batting: RHB Arsenio Laurel 0-0: Swinging Strike
0-1: Ball
1-1: Ball
2-1: Ball
3-1: Foul Ball, location: 2F
3-2: DOUBLE (Flyball, 78D, EV 105.0 MPH)
Gerold Olthof scores
Pinch Runner at 2nd Augusto Escobar:
Batting: RHB Román Ramírez 0-0: Hit by Pitch
Batting: RHB Jesús Guzmán 0-0: Ball
1-0: Fly out, F7 (Line Drive, 7D, EV 88.1 MPH)
Batting: LHB Roberto Salazar 0-0: Ball
1-0: Ball
2-0: Ball
3-0: Base on Balls
Augusto Escobar to third
Román Ramírez to second
Batting: RHB Carlos Mendoza 0-0: Swinging Strike
0-1: Ball
1-1: Ball
Wild Pitch!
Augusto Escobar scores
Román Ramírez to third
Roberto Salazar to second
2-1: Foul Ball, location: 2F
2-2: Ball
3-2: Base on Balls
Batting: RHB Eddie Sachs 0-0: Ground out 5-3 (Groundball, 56S, EV 82.5 MPH)
Bottom of the 8th over - 2 runs, 2 hits, 0 errors, 3 left on base; Boston 1 - Philadelphia 1776 7
TOP OF THE 9TH
Boston Patriots batting - Pitching for Philadelphia 1776 BC : LHP Ron Fernández
Now at 2B: Augusto Escobar
Batting: RHB Dave Broom 0-0: Called Strike
0-1: Ball
1-1: Ball
2-1: Fly out, F9 (Flyball, 9S, EV 92.5 MPH)
Batting: RHB Alfredo Araújo 0-0: Ball
1-0: Ground out 5-3 (Groundball, 56S, EV 86.2 MPH)
Batting: RHB Frank Ray 0-0: Ball
1-0: Swinging Strike
1-1: Swinging Strike
1-2: Ball
2-2: Strikes out swinging
Top of the 9th over - 0 runs, 0 hits, 0 errors, 0 left on base; Boston 1 - Philadelphia 1776 7
Friday, April 17th, 2020 - OOTP Baseball 20.8 Build 74